Map: Dusty Gorge

Players

TinyMaru - Winner!

  • Race: Zerg Zerg
  • Spawn Location: 5:00

LuciDOne - Winner!

  • Race: Terran Terran
  • Spawn Location: 3:00

MonstroTown

  • Race: Terran Terran
  • Spawn Location: 9:00

Michael

  • Race: Zerg Zerg
  • Spawn Location: 11:00

VOD

Have the link to the VOD?

Description

Time

  • Played on: Aug. 25, 2018, 3:56 p.m.
  • Length: 8:57
Show
View Real Time Build Order
Export as new Build Order

TinyMaru Zerg - Winner!

Build Orders: Hatch First 

Get SALT Encoding   

  12  0:01  Drone  
  13  0:08  Drone  
  14  0:18  Overlord  
  14  0:38  Drone x3  
  17  0:55  Hatchery  
  17  0:56  Extractor  
  15  0:58  Drone  
  16  1:13  Spawning Pool  
  16  1:15  Drone  
  16  1:22  Drone  
  16  1:24  Drone  
  18  1:33  Drone  
  19  1:42  Drone  
  20  1:54  Overlord  
  20  2:02  Queen  
  20  2:07  Drone  
  20  2:08  Queen, Drone  
  24  2:15  Drone  
  27  2:18  Drone  
  28  2:29  Roach Warren, Drone  
  28  2:38  Drone x2  
  28  2:42  Lair  
  30  2:50  Drone x2  
  32  3:02  Overlord  
  32  3:07  Drone x2, Evolution Chamber  
  32  3:11  Drone x3  
  36  3:16  Overlord  
  36  3:17  Extractor  
  35  3:29  Drone x4  
  35  3:33  Zerg Missile Weapons Level 1  
  39  3:36  Evolution Chamber  
  38  3:42  Burrow  
  38  3:51  Glial Reconstitution  
  38  3:53  Drone x2  
  38  3:55  Extractor x2  
  39  3:57  Drone x6  
  44  4:08  Drone x4  
  48  4:17  Zerg Ground Armor Level 1  
  48  4:24  Overlord  
  48  4:25  Overlord x2  
  48  4:27  Drone  
  48  4:28  Drone  
  52  4:45  Roach  
  52  4:46  Roach x5  
  62  4:54  Roach x2  
  62  4:55  Roach x2  
  70  5:00  Overlord x2  
  70  5:05  Roach x2  
  74  5:10  Tunneling Claws  
  74  5:15  Roach  
  74  5:16  Overlord  
  76  5:27  Roach x5  
  86  5:31  Zerg Missile Weapons Level 2  
  86  5:34  Overseer  
  86  5:59  Roach x3  
  86  6:00  Roach x4  
  86  6:01  Overlord x3  
  100  6:14  Overlord x2  
  100  6:16  Zerg Ground Armor Level 2  
  100  6:21  Roach x2  
  100  6:22  Roach  
  100  6:23  Roach x13  
  100  6:24  Overseer  
  106  6:35  Roach x7  
  106  6:44  Roach x9  
  106  6:45  Roach x4  
  106  6:46  Roach x2  
  116  6:50  Roach x9  
  114  7:01  Roach x2  
  114  7:11  Roach  
  114  7:12  Roach x8  
  112  7:27  Roach x14  
  108  7:34  Roach x6  
  108  7:36  Roach x25  
  112  7:53  Roach x7  
  112  7:54  Hatchery  
  112  7:57  Roach x7  
  111  8:04  Hatchery  
  108  8:07  Roach x5  
  108  8:08  Roach x4  
  108  8:12  Roach x5  
  126  8:20  Roach x3  
  126  8:22  Infestation Pit, Roach x3  
  127  8:36  Roach x6  
Show
View Real Time Build Order
Export as new Build Order

LuciDOne Terran - Winner!

Build Orders:  

Get SALT Encoding   

  12  0:01  SCV  
  13  0:19  Supply Depot  
  13  0:22  SCV  
  13  0:28  Refinery  
  14  0:34  SCV  
  15  0:44  Barracks  
  15  0:46  SCV  
  16  0:56  Refinery  
  16  0:59  SCV  
  17  1:11  SCV  
  18  1:23  SCV  
  19  1:32  Factory  
  19  1:37  Orbital Command  
  19  1:43  Barracks Reactor  
  19  1:51  Supply Depot  
  19  2:04  SCV  
  20  2:16  Hellion  
  20  2:19  Marine x2  
  24  2:34  SCV  
  25  2:50  SCV  
  26  2:53  Hellion  
  28  3:00  Marine x2  
  28  3:04  Starport  
  30  3:07  Supply Depot  
  30  3:12  SCV  
  31  3:15  Factory Reactor  
  31  3:18  Marine x2  
  33  3:37  Marine x2  
  33  3:41  Engineering Bay, Supply Depot  
  35  3:49  Starport  
  35  4:09  Viking, Medivac  
  39  4:14  Missile Turret  
  39  4:20  Missile Turret  
  39  4:30  Factory Tech Lab  
  39  4:35  Viking x2  
  43  4:53  Viking  
  43  4:54  Viking  
  47  5:05  Supply Depot  
  47  5:08  Armory  
  49  5:36  Viking  
  49  5:42  Command Center  
  49  6:00  Viking x2  
  49  6:04  Smart Servos  
  49  6:08  SCV  
  50  6:11  Supply Depot  
  48  6:46  Viking x4  
  54  6:58  SCV  
  55  7:01  Orbital Command  
  55  7:10  SCV  
  53  7:28  Viking x3  
  56  7:36  Viking  
  56  7:58  Viking x2  
  58  8:00  Viking  
  60  8:18  Viking  
  62  8:25  Supply Depot x2  
  62  8:26  Supply Depot, Refinery  
  62  8:27  Refinery  
Show
View Real Time Build Order
Export as new Build Order

MonstroTown Terran 

Build Orders: Reaper Expand, MMM Bio 

Get SALT Encoding   

  12  0:01  SCV  
  13  0:13  SCV  
  14  0:18  Supply Depot  
  14  0:25  SCV  
  15  0:40  SCV  
  15  0:41  Barracks  
  16  0:47  Refinery  
  16  0:52  SCV  
  17  1:04  SCV  
  18  1:18  SCV  
  19  1:30  Reaper  
  20  1:34  Command Center  
  20  1:44  Orbital Command  
  20  2:11  SCV  
  21  2:20  Barracks Reactor  
  21  2:23  SCV  
  21  2:29  Factory, Supply Depot  
  22  2:35  SCV  
  23  2:47  SCV, Orbital Command, Refinery  
  23  3:01  SCV  
  23  3:04  Marine  
  23  3:05  Marine  
  26  3:13  SCV  
  26  3:14  Starport  
  26  3:18  Factory Tech Lab  
  27  3:27  SCV  
  27  3:28  SCV  
  29  3:37  Marine x2  
  29  3:39  SCV  
  32  3:42  Siege Tank  
  35  3:51  SCV  
  35  3:52  SCV  
  36  4:01  Medivac  
  38  4:03  SCV, Marine x2  
  38  4:04  SCV  
  42  4:13  Supply Depot  
  42  4:15  SCV  
  42  4:16  SCV  
  44  4:19  Barracks  
  44  4:21  Barracks  
  44  4:23  Marine x2  
  46  4:27  SCV  
  46  4:30  Engineering Bay  
  47  4:37  Engineering Bay  
  47  4:40  Marine  
  48  4:47  Siege Tank  
  48  4:48  Medivac  
  53  4:55  SCV x2  
  55  5:03  Terran Infantry Weapons Level 1, Marine  
  55  5:04  Marine  
  55  5:05  Supply Depot  
  55  5:06  Barracks Tech Lab  
  57  5:07  SCV x2  
  59  5:14  Refinery  
  59  5:15  Refinery  
  59  5:19  SCV x2  
  61  5:27  Barracks Tech Lab  
  61  5:28  Marauder, Marine x2  
  65  5:34  Stimpack  
  65  5:41  SCV x2  
  67  5:44  Starport Reactor  
  67  5:45  Marine  
  68  5:59  Supply Depot  
  68  6:01  Supply Depot  
  68  6:08  Marine x2  
  70  6:13  Combat Shields  
  70  6:20  Siege Tank, SCV x2, Marine  
  76  6:33  SCV  
  65  6:45  Marine x3  
  51  6:55  Marauder  
  52  7:02  Viking x2  
  52  7:03  Marine  
  55  7:16  Marine  
  53  7:28  Marine  
  40  7:34  Marine  
  24  7:46  Marine  
  24  7:50  Medivac x2  
  20  7:52  Marine  
  21  8:04  Marine  
  22  8:10  Marine  
  15  8:22  Marauder  
  16  8:27  Marine  
Show
View Real Time Build Order
Export as new Build Order

Michael Zerg 

Build Orders: Hatch First 

Get SALT Encoding   

  12  0:01  Drone  
  13  0:12  Overlord  
  13  0:18  Drone  
  14  0:31  Drone x2  
  14  0:34  Drone  
  17  0:57  Drone, Hatchery  
  16  1:01  Drone  
  18  1:04  Extractor  
  17  1:17  Spawning Pool  
  16  1:21  Drone  
  16  1:24  Drone  
  18  1:30  Drone  
  19  1:39  Drone  
  20  1:49  Overlord  
  20  2:04  Queen  
  20  2:08  Queen, Metabolic Boost  
  22  2:11  Zergling x2  
  22  2:13  Zergling x2  
  26  2:17  Drone  
  27  2:26  Drone  
  27  2:27  Drone  
  29  2:32  Extractor, Drone  
  29  2:33  Drone  
  30  2:43  Roach Warren  
  29  2:48  Drone  
  29  2:49  Drone  
  31  2:54  Drone  
  31  2:55  Drone  
  33  3:03  Spine Crawler  
  33  3:04  Drone  
  33  3:13  Drone, Spine Crawler  
  33  3:17  Drone  
  34  3:24  Spore Crawler  
  33  3:28  Drone x2  
  33  3:30  Drone  
  33  3:32  Drone  
  36  3:42  Overlord  
  36  3:43  Overlord  
  36  4:00  Queen, Lair  
  37  4:03  Roach  
  39  4:10  Roach  
  39  4:11  Roach  
  39  4:12  Roach  
  39  4:16  Roach  
  47  4:18  Drone  
  47  4:20  Drone  
  47  4:22  Drone  
  50  4:25  Drone  
  50  4:27  Drone  
  50  4:30  Overlord  
  52  4:35  Overlord  
  52  4:42  Drone, Evolution Chamber  
  52  4:46  Extractor  
  52  4:47  Extractor, Drone  
  52  4:51  Overlord  
  51  4:53  Overlord  
  51  4:58  Drone x2  
  51  4:59  Drone  
  54  5:01  Drone  
  55  5:08  Spore Crawler  
  54  5:27  Zerg Missile Weapons Level 1  
  54  5:28  Spore Crawler  
  54  5:34  Roach, Hydralisk Den  
  54  5:35  Roach x4  
  62  5:38  Glial Reconstitution  
  62  5:49  Overlord x2  
  62  6:08  Hatchery  
  61  6:14  Muscular Augments  
  60  6:24  Roach x3  
  66  6:25  Hydralisk  
  66  6:27  Hydralisk  
  66  6:32  Hydralisk  
  72  6:46  Overseer x2  
  72  6:59  Hydralisk x2  
  76  7:02  Overlord  
  76  7:04  Overlord  
  72  7:22  Roach x2  
  72  7:23  Roach x3  
  72  7:27  Hydralisk  
  80  7:34  Queen  
  80  7:36  Drone x7  
  69  7:45  Drone  
  54  7:59  Roach x2  
  54  8:00  Roach x3  
  54  8:05  Hydralisk  
  54  8:06  Hydralisk x3  
  54  8:08  Hydralisk  
  54  8:10  Hydralisk  
  62  8:15  Hydralisk  
  62  8:18  Roach x3  
  66  8:23  Hydralisk x2  
  66  8:25  Hydralisk  
Tags
 
Add a new tag
Caveats
  • Supply blocks, unpowered buildings, or Contaminate may cause inaccurate times.
  • Supply counts are checked every 10 seconds.